 Dungeon Crawl Stone Soup version 0.28.0-43-g3370ac3207 (webtiles) character file.

Game seed: 2097414570317532375

3025 ultragoat the Cleaver (level 9, -6/68 (75) HPs)
             Began as a Palentonga Fighter on Mar 20, 2022.
             Was a Believer of Makhleb.
             Mangled by a wight
             ... wielding a +3 halberd
              (9 damage)
             ... on level 8 of the Dungeon on Mar 21, 2022.
             The game lasted 00:27:41 (7625 turns).

ultragoat the Cleaver (Palentonga Fighter)          Turns: 7625, Time: 00:27:41

HP:   -6/68 (75)    AC: 17    Str: 24    XL:     9   Next: 55%
MP:   10/10         EV:  8    Int:  9    God:    Makhleb [**....]
Gold: 315           SH:  0    Dex:  9    Spells: 8/8 levels left

rFire   . . .      SeeInvis +   m - +5 executioner's axe (vorpal)
rCold   . . .      Faith    .   (shield currently unavailable)
rNeg    . . .      Spirit   .   b - +0 scale mail
rPois   .          Reflect  .   (no helmet)
rElec   .          Harm     .   e - +2 cloak
rCorr   +          Rampage  .   (no gloves)
Will    .....                   (no barding)
Stlth   ..........              (no amulet)
HPRegen 0.21/turn               h - ring of resist corrosion
MPRegen 0.12/turn               (no ring)

@: drained, curled up
A: large, rugged brown scales 3, see invisible, deformed body, roll 1, armoured
tail, reflexive curl
a: Rolling Charge, Renounce Religion, Minor Destruction


You were on level 8 of the Dungeon.
You worshipped Makhleb.
Makhleb was pleased with you.
You visited 1 branch of the dungeon, and saw 8 of its levels.
You also visited: Sewer.

You collected 315 gold pieces.

Inventory:

Hand Weapons
 a - a +0 war axe of draining
 j - the +9 staff of Olgreb {rPois∞}
   (You found it on level 4 of the Dungeon)

   If the wielder is skilled in Evocations, they can envenom those struck by it,
   dealing poison damage which bypasses armour.
   It enhances your poison magic.
   It grants immunity to poison.
   It can be activated via the 'a'bility menu to radiate toxic energy, with
   effectiveness depending on Evocations skill.
 m - a +5 vorpal executioner's axe (weapon)
Missiles
 q - 8 boomerangs (quivered)
 s - 2 throwing nets
Armour
 b - a +0 scale mail (worn)
 e - a +2 cloak (worn)
Jewellery
 h - a ring of resist corrosion (left hand)
 k - a ring of ice
 o - an amulet of guardian spirit
Wands
 f - a wand of paralysis (13)
 i - a wand of acid (7)
Scrolls
 c - a scroll of blinking
 d - 2 scrolls of identify
 n - 2 scrolls of magic mapping
 r - a scroll of fog
 t - a scroll of torment {unknown}
 u - a scroll of fear
Potions
 g - 2 potions of resistance
 l - 4 potions of cancellation
 p - 2 potions of flight


   Skills:
 + Level 6.9 Fighting
 + Level 8.5 Axes
 + Level 5.8 Armour
 - Level 4.2 Shields
 * Level 2.4 Invocations
 - Level 2.0 Evocations


You had 8 spell levels left.
You didn't know any spells.
Your spell library contained the following spells:

 Spells                   Type           Power      Damage    Failure   Level
 Pain                     Necr           0%         1d4       67%         1
 Blink                    Tloc           0%         N/A       80%         2
 Dazzling Flash           Conj/Hex       0%         N/A       95%         3
 Lesser Beckoning         Tloc           0%         N/A       95%         3
 Iskenderun's Mystic Bla  Conj/Tloc      0%         2d3       100%        4
 Agony                    Necr           0%         N/A       100%        5
 Excruciating Wounds      Necr           0%         N/A       100%        5
 Manifold Assault         Tloc           0%         N/A       100%        5
 Starburst                Conj/Fire      0%         6d3       100%        6


Dungeon Overview and Level Annotations

Branches:
Dungeon (8/15)             Temple (0/1) D:6           Sewer (visited)
   Lair: D:8-11

Altars:
Ashenzari
Cheibriados
Dithmenos
Hepliaklqana
Makhleb
Nemelex Xobeh
Ru
Uskayaw
Vehumet
Wu Jian
The Shining One

Shops:
D:2 :   D:3 [   D:4 :   D:5 [


Innate Abilities, Weirdness & Mutations

You are completely covered in rugged brown scales. (AC +3, +7% HP)
You have supernaturally acute eyesight. (SInv)
Armour fits poorly on your strangely shaped body.
You can roll at nearby foes to attack.
You have a long armoured tail.
You curl defensively after being hit. (AC +7*)


Message History

a +0 halberd; a +0 robe A wight comes into view.
It is wielding a +3 halberd.
A wight comes into view. It is wielding a +0 long sword.
The wight hits you with a +3 halberd!
You feel drained.
Something hits the plant.
The plant begins to die.
You barely miss the wight. The wight barely misses you. x2
You slash the wight!
The wight is almost destroyed.
The wight closely misses you.
A wight comes into view. It is wielding a +0 flail.
You barely miss the wight.
The wight is almost destroyed.
The wight hits you with a +3 halberd. x2; You feel drained.
The wight closely misses you. The wight hits you but does no damage.
The wight barely misses you.
You hit the wight but do no damage.
The wight hits you with a +0 long sword.
The wight hits you from afar with a +3 halberd.
You feel drained.
The wight hits you with a +0 long sword.
You closely miss the wight.
Your tail-slap misses the wight.
The wight barely misses you.
The wight hits you with a +0 long sword.
You hit the wight. You tail-slap the wight!
The wight is almost destroyed.
The wight hits you from afar with a +3 halberd!
The wight closely misses you.
The wight hits you but does no damage. x2
You barely miss the wight.
The wight is almost destroyed.
The wight barely misses you. The wight closely misses you.
You hit the wight.
You destroy the wight!
Makhleb accepts your kill.
You feel better. The wight closely misses you.
The wight hits you from afar with a +3 halberd!
* * * LOW HITPOINT WARNING * * *
You feel drained.
* * * LOW HITPOINT WARNING * * *
The wight completely misses you. The wight hits you with a +3 halberd!
You die... ... ...P.: ... ..... >. ##...P . ..#.... .. .#...
PPP ...
PP..

#†# P.P..
#.####.P..P.
#@#..z...z..
#####zz.####.P..
#......## .
#......#
#.....## #.....#
#....<# #.....#
#.....#


You could see 2 wights.

Vanquished Creatures
  A steam dragon (D:7)
  Duvessa (D:4)
  3 water moccasins
  A necrophage (D:5)
  2 ice beasts
  A black bear (D:4)
  A centaur (D:6)
  4 ogres
  A kobold brigand (D:7)
  A wyvern zombie (D:7)
  3 bullfrogs
  2 water moccasin zombies (D:6)
  3 scorpions
  Dowan (D:4)
  3 killer bees (D:7)
  A howler monkey (D:5)
  5 wights
  A jelly (D:6)
  A bullfrog skeleton (D:5)
  2 orc priests (D:6)
  A centaur skeleton (D:7)
  4 hounds
  3 iguanas
  An orc wizard (D:4)
  A hound skeleton (D:4)
  Robin (D:2)
  A howler monkey skeleton (D:7)
  A gnoll (D:2)
  9 adders
  3 river rats (D:5)
  A shadow imp (D:6)
  A white imp (D:7)
  4 worms
  A dart slug (D:4)
  11 orcs
  3 bats
  10 endoplasms
  11 giant cockroaches
  17 goblins
  11 hobgoblins
  3 jackals (D:1)
  8 quokkas
  11 ball pythons
  14 frilled lizards
  9 kobolds
  A quokka skeleton (D:4)
  6 rats
185 creatures vanquished.

Vanquished Creatures (others)
  2 kobolds (D:7)
  28 fungi
  18 plants
48 creatures vanquished.

Grand Total: 233 creatures vanquished

Notes
Turn   | Place    | Note
-------+----------+-------------------------------------------
     0 | D:1      | ultragoat the Palentonga Fighter began the quest for the
                  | Orb.
     0 | D:1      | Reached XP level 1. HP: 19/19 MP: 1/1
   260 | D:1      | Reached XP level 2. HP: 21/25 MP: 2/2
  1277 | D:2      | Reached XP level 3. HP: 27/31 MP: 3/3
  1442 | D:2      | Noticed Robin
  1453 | D:2      | Killed Robin
  1469 | D:2      | Reached XP level 4. HP: 6/38 MP: 4/4
  1761 | D:2      | Found Baiss's Book Shop.
  2030 | D:2      | Reached skill level 3 in Axes
  2306 | D:2      | Found a faded altar of an unknown god.
  2382 | D:3      | Found Imneh's Antique Armour Shoppe.
  2624 | D:3      | Noticed a scorpion
  2630 | D:3      | Killed a scorpion
  2631 | D:3      | Reached XP level 5. HP: 37/44 MP: 5/5
  2794 | D:3      | Found a sacrificial altar of Ru.
  2796 | D:3      | Found an ornate altar of the Wu Jian Council.
  2797 | D:3      | Found a sparkling altar of Nemelex Xobeh.
  2797 | D:3      | Found a shadowy altar of Dithmenos.
  2797 | D:3      | Found a snail-covered altar of Cheibriados.
  2798 | D:3      | Found a hazy altar of Hepliaklqana.
  2799 | D:3      | Found a glowing golden altar of the Shining One.
  2799 | D:3      | Found a broken altar of Ashenzari.
  2800 | D:3      | Found a hide-covered altar of Uskayaw.
  2801 | D:3      | Found a burning altar of Makhleb.
  2801 | D:3      | Found a radiant altar of Vehumet.
  2839 | D:3      | Became a worshipper of Makhleb the Destroyer
  3103 | D:4      | Found the +9 staff of Olgreb {rPois∞}
  3143 | D:4      | Noticed Duvessa
  3144 | D:4      | Noticed Dowan
  3148 | D:4      | Killed Duvessa
  3148 | D:4      | Killed Dowan
  3149 | D:4      | Reached skill level 4 in Axes
  3149 | D:4      | Reached XP level 6. HP: 51/51 MP: 6/6
  3271 | D:4      | Found Kavag's Book Shoppe.
  3323 | D:4      | Gained mutation: You curl defensively after being hit. (AC
                  | +7*) [Palentonga growth]
  3323 | D:4      | Reached XP level 7. HP: 58/58 MP: 7/7
  3799 | D:5      | Entered Level 5 of the Dungeon
  3909 | D:5      | Reached skill level 5 in Axes
  3997 | D:5      | Reached skill level 5 in Fighting
  4348 | D:5      | Reached XP level 8. HP: 35/66 MP: 8/8
  4353 | D:5      | Found a glowing drain.
  4354 | D:5      | Reached * piety under Makhleb
  4362 | Sewer    | Entered a sewer
  4514 | Sewer    | Identified a scroll of acquirement
  4514 | Sewer    | Acquired a +4 vorpal executioner's axe
  4623 | Sewer    | Reached skill level 6 in Axes
  4926 | D:5      | Found Naorea's Antique Armour Shoppe.
  5536 | D:6      | Reached skill level 7 in Axes
  5553 | D:6      | Reached ** piety under Makhleb
  5579 | D:6      | Reached skill level 5 in Armour
  5746 | D:6      | Found a staircase to the Ecumenical Temple.
  6286 | D:7      | Reached XP level 9. HP: 33/74 MP: 9/9
  6532 | D:7      | Reached skill level 8 in Axes
  6938 | D:7      | Reached skill level 1 in Evocations
  7395 | D:7      | Reached skill level 1 in Invocations
  7624 | D:8      | HP: 2/67 [wight/+3 halberd (7)]
  7625 | D:8      | Mangled by a wight

Illustrated notes

Levels and vault maps discovered:
D:1:      lightli_iron_boxes, layout_basic
D:2:      layout_loops_ring, shapermc_ecumenical_altar_petra, serial_shops,
          nicolae_shop_behind_doors, minmay_diced_spiral, uniq_robin
D:3:      layout_rooms, nicolae_overflows_in_rows, serial_shops, shop,
          ebering_dispersal_statue_hall
D:4:      layout_loops_ring, serial_shops, nicolae_shop_waterfront, uniq_duvessa
D:5:      layout_loops_ring, serial_shops, nicolae_shop_statue_plus,
          portal_sewer_entry_e
D:6:      layout_basic, minmay_temple_entry_purple_smoke, st_stairs_5
D:7:      layout_rooms, grunt_ministairs_4
D:8:      layout_rooms, mainiacjoe_overflow_six_doors_small,
          due_lair_maze_entry_diamond, uniq_psyche

Skill      XL: |  1  2  3  4  5  6  7  8  9 |
---------------+----------------------------+-----
Shields        | 3 4 |  4.2
Armour         | 3 4 5 |  5.8
Axes           | 3 4 5 7 8 |  8.5
Fighting       | 4 5 6 |  6.9
Evocations     | 2 |  2.0
Invocations    | 2 |  2.4

Action                   |  1- 3 |  4- 6 |  7- 9 || total
-------------------------+-------+-------+-------++-------
Melee: War axe           |   100 |   114 |    67 ||   281
       Tailslap          |     5 |    16 |    22 ||    43
       Executioner's axe |       |       |   148 ||   148
Throw: Boomerang         |       |       |     6 ||     6
Evoke: Wand              |       |     4 |     8 ||    12
  Use: Scroll            |     2 |     7 |     6 ||    15
       Potion            |     2 |     1 |     3 ||     6
Armor: Scale mail        |    49 |    60 |   137 ||   246
Dodge: Dodged            |    41 |    42 |   108 ||   191
Block: Buckler           |    23 |    24 |     8 ||    55
